| TOP OF THE 1ST |
|
Kingsport Mets batting - Pitching for Grand Junction Rockies : RHP Jerry Dunne
|
|
Pitching: RHP Jerry Dunne
|
|
|
Batting: SHB Tyler Maddux
|
0-0: Called Strike 0-1: Ball 1-1: Bunt missed! 1-2: DOUBLE (Flyball, 8LXD, EV 105.0 MPH)
|
|
Batting: RHB Artyom Shavkunov
|
0-0: Ball 1-0: Swinging Strike 1-1: Foul Ball, location: 2F 1-2: SINGLE (Groundball, 6MD, EV 100.6 MPH) Tyler Maddux to third Runner from 3rd tries for Home, SAFE, throw by CF to home
|
|
Batting: SHB Nick Daigle
|
0-0: Ball 1-0: Ball 2-0: Ball 3-0: Called Strike 3-1: Foul Ball, location: 2F 3-2: Base on Balls Artyom Shavkunov to second
|
|
Batting: RHB Bill Crogan
|
0-0: Ball 1-0: Ball 2-0: Ball 3-0: Called Strike 3-1: 3-RUN HOME RUN (Flyball, 9LD, EV 99.4 MPH), Distance : 354 ft
|
|
Batting: RHB Enrique Aguirre
|
0-0: SINGLE (Groundball, 34D, EV 95.0 MPH)
|
|
Batting: SHB Adonis Jones
|
0-0: Ball Enrique Aguirre steals 2nd, throwing error, E2 Enrique Aguirre to third 1-0: Ball 2-0: Fly out, F8 (Flyball, 8LXD, EV 88.1 MPH) Runner from 3rd tags up, SCORES, no throw by CF
|
|
Batting: LHB Matt Baker
|
0-0: Ball 1-0: Foul Ball, location: 2F 1-1: Ball 2-1: Foul Ball, location: 2F 2-2: Ball 3-2: SINGLE (Groundball, 34D, EV 80.0 MPH) (infield hit)
|
|
Batting: RHB Chris Artz
|
0-0: Ball 1-0: Ball 2-0: Called Strike 2-1: Foul Ball, location: 2F 2-2: SINGLE (Groundball, 6MD, EV 95.6 MPH) Matt Baker to second Runner from 2nd tries for 3rd, SAFE, no throw by CF
|
|
Batting: RHB Chris Graham
|
0-0: Ball 1-0: Called Strike 1-1: Called Strike 1-2: Ball 2-2: Ball 3-2: 3-RUN HOME RUN (Flyball, 7D, EV 97.5 MPH), Distance : 374 ft
|
|
Pitching: RHP Carlos Manriquez
|
|
|
Batting: SHB Tyler Maddux
|
0-0: Ball 1-0: Called Strike 1-1: Ball 2-1: Ground out 4-3 (Groundball, 34, EV 107.5 MPH)
|
|
Batting: RHB Artyom Shavkunov
|
0-0: Ball 1-0: Ball 2-0: Called Strike 2-1: SINGLE (Groundball, 34D, EV 106.2 MPH)
|
|
Batting: SHB Nick Daigle
|
0-0: Ball Wild Pitch! Artyom Shavkunov to second 1-0: SINGLE (Groundball, 6D, EV 105.6 MPH) Artyom Shavkunov to third Runner from 3rd tries for Home, SAFE, throw by CF to home
|
|
Batting: RHB Bill Crogan
|
0-0: Called Strike 0-1: SINGLE (Groundball, 56D, EV 97.5 MPH) Nick Daigle to second
|
|
Batting: RHB Enrique Aguirre
|
0-0: SINGLE (Groundball, 56, EV 103.1 MPH) Nick Daigle to third Bill Crogan to second Runner from 3rd tries for Home, SAFE, throw by LF to home
|
|
Batting: SHB Adonis Jones
|
0-0: Foul Ball, location: 2F 0-1: Ball Wild Pitch! Bill Crogan to third Enrique Aguirre to second Balk! Bill Crogan scores Enrique Aguirre to third 1-1: 2-RUN HOME RUN (Flyball, 9LD, EV 93.8 MPH), Distance : 351 ft
|
|
Pitching: RHP Xavier Williams
|
|
|
Batting: LHB Matt Baker
|
0-0: Ball 1-0: Foul Ball, location: 2F 1-1: Ball 2-1: Foul Ball, location: 2F 2-2: Ground out 4-3 (Groundball, 4M, EV 88.1 MPH)
|
| Top of the 1st over - 13 runs, 12 hits, 1 error, 0 left on base; Kingsport 13 - Grand Junction 0 |
| BOTTOM OF THE 1ST |
|
Grand Junction Rockies batting - Pitching for Kingsport Mets : RHP Sandro Fibonacci
|
|
Pitching: RHP Sandro Fibonacci
|
|
|
Batting: SHB Rich McDonald
|
0-0: Ball 1-0: Swinging Strike 1-1: Ball 2-1: Swinging Strike 2-2: Ground out 6-3 (Groundball, 6, EV 87.5 MPH)
|
|
Batting: RHB Ivan Castaneda
|
0-0: Foul Ball, location: 2F 0-1: Fly out, F9 (Flyball, 9S, EV 86.2 MPH)
|
|
Batting: RHB Wali Mulogo
|
0-0: Called Strike 0-1: Foul Ball, location: 2F 0-2: Ball 1-2: Ball 2-2: Ball 3-2: Foul Ball, location: 2F 3-2: Foul Ball, location: 2F 3-2: SOLO HOME RUN (Flyball, 89XD, EV 102.5 MPH), Distance : 424 ft
|
|
Batting: RHB Justin Garrett
|
0-0: Foul Ball, location: 2F 0-1: Ball 1-1: Swinging Strike 1-2: Strikes out looking
|
| Bottom of the 1st over - 1 run, 1 hit, 0 errors, 0 left on base; Kingsport 13 - Grand Junction 1 |
| TOP OF THE 2ND |
|
Kingsport Mets batting - Pitching for Grand Junction Rockies : RHP Xavier Williams
|
|
Batting: RHB Chris Artz
|
0-0: Ball 1-0: Ball 2-0: Ball 3-0: Called Strike 3-1: Fly out, F8 (Line Drive, 8RD, EV 94.4 MPH)
|
|
Batting: RHB Chris Graham
|
0-0: SINGLE (Line Drive, 89S, EV 100.0 MPH)
|
|
Batting: SHB Tyler Maddux
|
0-0: Foul Ball, location: 2F 0-1: Ball 1-1: Ball 2-1: Foul Ball, location: 2F 2-2: Ball Wild Pitch! Chris Graham to second 3-2: Foul Ball, location: 2F 3-2: Fly out, F8 (Flyball, 78M, EV 83.8 MPH)
|
|
Batting: RHB Artyom Shavkunov
|
0-0: Fly out, F8 (Flyball, 8LS, EV 94.4 MPH)
|
| Top of the 2nd over - 0 runs, 1 hit, 0 errors, 1 left on base; Kingsport 13 - Grand Junction 1 |
| BOTTOM OF THE 2ND |
|
Grand Junction Rockies batting - Pitching for Kingsport Mets : RHP Sandro Fibonacci
|
|
Batting: LHB Georges Lambert
|
0-0: Swinging Strike 0-1: Ball 1-1: Ball 2-1: Foul Ball, location: 2F 2-2: Strikes out swinging
|
|
Batting: SHB J.D. Newman
|
0-0: Swinging Strike 0-1: Called Strike 0-2: Ball 1-2: Strikes out looking
|
|
Batting: RHB Josh Lofgreen
|
0-0: Called Strike 0-1: Ball 1-1: Ball 2-1: Ground out 5-3 (Groundball, 56, EV 82.5 MPH)
|
| Bottom of the 2nd over - 0 runs, 0 hits, 0 errors, 0 left on base; Kingsport 13 - Grand Junction 1 |
| TOP OF THE 3RD |
|
Kingsport Mets batting - Pitching for Grand Junction Rockies : RHP Xavier Williams
|
|
Batting: SHB Nick Daigle
|
0-0: Ball 1-0: Ball 2-0: Ground out 4-3 (Groundball, 4, EV 87.5 MPH)
|
|
Batting: RHB Bill Crogan
|
0-0: Ball 1-0: Foul Ball, location: 2F 1-1: Foul Ball, location: 2F 1-2: Foul Ball, location: 2F 1-2: Foul Ball, location: 2F 1-2: Ground out 6-3 (Groundball, 6S, EV 90.0 MPH)
|
|
Batting: RHB Enrique Aguirre
|
0-0: Ball 1-0: Foul Ball, location: 2F 1-1: Foul Ball, location: 2F 1-2: Ball 2-2: Strikes out swinging
|
| Top of the 3rd over - 0 runs, 0 hits, 0 errors, 0 left on base; Kingsport 13 - Grand Junction 1 |
| BOTTOM OF THE 3RD |
|
Grand Junction Rockies batting - Pitching for Kingsport Mets : RHP Sandro Fibonacci
|
|
Batting: RHB Tom Gentry
|
0-0: Ball 1-0: Ball 2-0: Ball 3-0: Foul Ball, location: 2F 3-1: Base on Balls
|
|
Batting: RHB Joe Shade
|
0-0: Ball Tom Gentry steals 2nd base 1-0: Swinging Strike 1-1: Ball 2-1: Ball 3-1: Foul Ball, location: 2F 3-2: Reached on error, E6 (Groundball, 6, EV 83.8 MPH) Tom Gentry scores
|
|
Batting: SHB Rich McDonald
|
0-0: Called Strike 0-1: SINGLE (Groundball, 4MD, EV 98.8 MPH) Joe Shade to third
|
|
Batting: RHB Ivan Castaneda
|
0-0: Swinging Strike 0-1: Called Strike 0-2: Fielders Choice at 2nd, 1-4 (Groundball, 15S, EV 73.1 MPH)
|
|
Batting: RHB Wali Mulogo
|
0-0: Ball 1-0: SINGLE (Line Drive, 8RS, EV 104.4 MPH) Joe Shade scores Ivan Castaneda to second
|
|
Batting: RHB Justin Garrett
|
0-0: Foul Ball, location: 2F 0-1: Ball 1-1: Foul Ball, location: 2F 1-2: Foul Ball, location: 2F 1-2: Foul Ball, location: 2F 1-2: Ball Wild Pitch! Ivan Castaneda to third Wali Mulogo to second 2-2: Ground out 4-3 (Groundball, 4, EV 87.5 MPH) Ivan Castaneda scores Wali Mulogo to third
|
|
Batting: LHB Georges Lambert
|
0-0: Fly out, F9 (Flyball, 9LS, EV 91.2 MPH)
|
| Bottom of the 3rd over - 3 runs, 2 hits, 1 error, 1 left on base; Kingsport 13 - Grand Junction 4 |
| TOP OF THE 4TH |
|
Kingsport Mets batting - Pitching for Grand Junction Rockies : RHP Xavier Williams
|
|
Batting: SHB Adonis Jones
|
0-0: Swinging Strike 0-1: Single, Error in OF, E9, batter to second base (Groundball, 34D, EV 106.2 MPH)
|
|
Batting: LHB Matt Baker
|
0-0: Ball 1-0: Ball 2-0: Ball 3-0: Called Strike 3-1: Base on Balls
|
|
Batting: RHB Chris Artz
|
0-0: Ball 1-0: Foul Ball, location: 2F 1-1: SINGLE (Line Drive, 6D, EV 96.2 MPH) Adonis Jones to third Matt Baker to second Runner from 3rd tries for Home, SAFE, throw by CF to home
|
|
Pitching: RHP Edwin Bejarano
|
|
|
Batting: RHB Chris Graham
|
0-0: Ball 1-0: Ball 2-0: Ball 3-0: Called Strike 3-1: Fielders Choice at 2nd, 5-4 (Groundball, 5, EV 103.1 MPH) Matt Baker to third
|
|
Batting: SHB Tyler Maddux
|
0-0: Ball 1-0: Called Strike 1-1: Called Strike 1-2: SINGLE (Flyball, 89M, EV 91.2 MPH) Matt Baker scores Chris Graham to second
|
|
Batting: RHB Artyom Shavkunov
|
0-0: Foul Ball, location: 2F 0-1: Fly out, F9 (Flyball, 9LSF, EV 88.8 MPH)
|
|
Batting: SHB Nick Daigle
|
0-0: Foul Ball, location: 2F 0-1: Fly out, F9 (Flyball, 9D, EV 103.1 MPH)
|
| Top of the 4th over - 2 runs, 3 hits, 1 error, 2 left on base; Kingsport 15 - Grand Junction 4 |
| BOTTOM OF THE 4TH |
|
Grand Junction Rockies batting - Pitching for Kingsport Mets : RHP Sandro Fibonacci
|
|
Batting: SHB J.D. Newman
|
0-0: SINGLE (Groundball, 3S, EV 71.9 MPH) (infield hit)
|
|
Batting: RHB Josh Lofgreen
|
0-0: Foul Ball, location: 2F 0-1: Called Strike 0-2: Ball 1-2: Ball 2-2: Foul Ball, location: 2F 2-2: Ball 3-2: Base on Balls J.D. Newman to second
|
|
Batting: RHB Tom Gentry
|
0-0: Called Strike 0-1: Fielders Choice at 2nd, 2-4 (Groundball, 2L, EV 75.0 MPH) J.D. Newman to third
|
|
Batting: RHB Joe Shade
|
0-0: Called Strike Tom Gentry steals 2nd base 0-1: Ball 1-1: Ball 2-1: Ball 3-1: Base on Balls
|
|
Batting: SHB Rich McDonald
|
0-0: Ball 1-0: Ball 2-0: Called Strike 2-1: Ball 3-1: GRAND SLAM HOME RUN (Flyball, 89XD, EV 105.0 MPH), Distance : 434 ft
|
|
Pitching: RHP Ruben Lozano
|
|
|
Batting: RHB Ivan Castaneda
|
0-0: Foul Ball, location: 2F 0-1: Ball 1-1: Ball 2-1: Ball 3-1: Base on Balls
|
|
Batting: RHB Wali Mulogo
|
0-0: 2-RUN HOME RUN (Flyball, 7D, EV 96.2 MPH), Distance : 385 ft
|
|
Batting: RHB Justin Garrett
|
0-0: Called Strike 0-1: Ball 1-1: Foul Ball, location: 2F 1-2: Strikes out swinging
|
|
Batting: LHB Georges Lambert
|
0-0: Ball 1-0: Called Strike 1-1: Foul Ball, location: 2F 1-2: Ball 2-2: Ball 3-2: Foul Ball, location: 2F 3-2: Strikes out looking
|
| Bottom of the 4th over - 6 runs, 3 hits, 0 errors, 0 left on base; Kingsport 15 - Grand Junction 10 |
| TOP OF THE 5TH |
|
Kingsport Mets batting - Pitching for Grand Junction Rockies : RHP Edwin Bejarano
|
|
Batting: RHB Bill Crogan
|
0-0: SINGLE (Groundball, 56D, EV 105.6 MPH)
|
|
Batting: RHB Enrique Aguirre
|
0-0: Ball 1-0: Swinging Strike 1-1: Foul Ball, location: 2F 1-2: Fly out, F2 (Popup, 15S, EV 81.2 MPH)
|
|
Batting: SHB Adonis Jones
|
0-0: Swinging Strike 0-1: Swinging Strike 0-2: Ball 1-2: SINGLE (Line Drive, 6MD, EV 98.8 MPH) Bill Crogan to second
|
|
Batting: LHB Matt Baker
|
0-0: Ball 1-0: Ball 2-0: Called Strike 2-1: Ball 3-1: Base on Balls Bill Crogan to third Adonis Jones to second
|
|
Batting: RHB Chris Artz
|
0-0: SINGLE (Groundball, 25, EV 66.2 MPH) (infield hit) Bill Crogan scores Adonis Jones to third Matt Baker to second
|
|
Batting: RHB Chris Graham
|
0-0: Foul Ball, location: 2F 0-1: Ball 1-1: Ball 2-1: GRAND SLAM HOME RUN (Flyball, 7D, EV 98.8 MPH), Distance : 388 ft
|
|
Pitching: RHP Mike Chiquete
|
|
|
Batting: SHB Tyler Maddux
|
0-0: Ball 1-0: Hit by Pitch
|
|
Batting: RHB Artyom Shavkunov
|
0-0: Ball 1-0: Foul Ball, location: 2F 1-1: Ball 2-1: Swinging Strike 2-2: Fielders Choice at 2nd, 3-6 (Groundball, 34S, EV 83.1 MPH)
|
|
Batting: SHB Nick Daigle
|
0-0: Ball 1-0: Ball 2-0: Called Strike 2-1: Ball 3-1: Foul Ball, location: 2F 3-2: Base on Balls Artyom Shavkunov to second
|
|
Batting: RHB Bill Crogan
|
0-0: Ball 1-0: Ball 2-0: Ball 3-0: Called Strike 3-1: Foul Ball, location: 2F 3-2: Base on Balls Artyom Shavkunov to third Nick Daigle to second
|
|
Batting: RHB Enrique Aguirre
|
0-0: DOUBLE (Flyball, 89D, EV 94.4 MPH) Artyom Shavkunov scores Nick Daigle scores Bill Crogan to third Runner from 3rd tries for Home, SAFE, throw by RF to trailing runner, SAFE at third!
|
|
Batting: SHB Adonis Jones
|
0-0: Called Strike 0-1: Foul Ball, location: 2F 0-2: Ball 1-2: Ball 2-2: Foul Ball, location: 2F 2-2: Foul Ball, location: 2F 2-2: Fly out, F9 (Flyball, 9, EV 90.6 MPH)
|
| Top of the 5th over - 8 runs, 5 hits, 0 errors, 1 left on base; Kingsport 23 - Grand Junction 10 |
| BOTTOM OF THE 5TH |
|
Grand Junction Rockies batting - Pitching for Kingsport Mets : RHP Ruben Lozano
|
|
Pitching: RHP Justin Williams
|
|
|
Batting: SHB J.D. Newman
|
0-0: Ball 1-0: Ground out 5-3 (Groundball, 5, EV 106.9 MPH)
|
|
Batting: RHB Josh Lofgreen
|
0-0: Called Strike 0-1: Called Strike 0-2: Fly out, F9 (Flyball, 89S, EV 88.1 MPH)
|
|
Batting: RHB Tom Gentry
|
0-0: Foul Ball, location: 2F 0-1: Swinging Strike 0-2: Ball 1-2: Ball 2-2: Ball 3-2: Foul Ball, location: 2F 3-2: Base on Balls
|
|
Batting: RHB Joe Shade
|
0-0: Called Strike 0-1: Ball 1-1: Ball Passed Ball! Tom Gentry to second 2-1: Ball 3-1: Base on Balls
|
|
Batting: SHB Rich McDonald
|
0-0: Called Strike 0-1: Ball 1-1: Foul Ball, location: 2F 1-2: Ball Wild Pitch! Tom Gentry to third Joe Shade to second 2-2: Ground out 1-3 (Groundball, 15S, EV 75.0 MPH)
|
| Bottom of the 5th over - 0 runs, 0 hits, 0 errors, 2 left on base; Kingsport 23 - Grand Junction 10 |
| TOP OF THE 6TH |
|
Kingsport Mets batting - Pitching for Grand Junction Rockies : RHP Mike Chiquete
|
|
Pitching: LHP Mike Pierce
|
|
|
Batting: LHB Matt Baker
|
0-0: Foul Ball, location: 2F 0-1: Ball 1-1: Swinging Strike 1-2: Foul Ball, location: 2F 1-2: Ball 2-2: Strikes out swinging
|
|
Batting: RHB Chris Artz
|
0-0: Called Strike 0-1: Ball 1-1: Foul Ball, location: 2F 1-2: Foul Ball, location: 2F 1-2: Ball 2-2: Ball 3-2: Base on Balls
|
|
Batting: RHB Chris Graham
|
0-0: Ball 1-0: Swinging Strike 1-1: Called Strike 1-2: Foul Ball, location: 2F 1-2: Fielders Choice at 2nd, 4-6 (Groundball, 4, EV 78.1 MPH)
|
|
Batting: SHB Tyler Maddux
|
0-0: Called Strike 0-1: Fly out, F9 (Flyball, 89M, EV 91.9 MPH)
|
| Top of the 6th over - 0 runs, 0 hits, 0 errors, 1 left on base; Kingsport 23 - Grand Junction 10 |
| BOTTOM OF THE 6TH |
|
Grand Junction Rockies batting - Pitching for Kingsport Mets : RHP Justin Williams
|
|
Batting: RHB Ivan Castaneda
|
0-0: Called Strike 0-1: Swinging Strike 0-2: Foul Ball, location: 2F 0-2: Ball 1-2: Foul Ball, location: 2F 1-2: Ground out 6-3 (Groundball, 6M, EV 103.1 MPH)
|
|
Pitching: RHP Jeremy Delka
|
|
|
Batting: RHB Wali Mulogo
|
0-0: Called Strike 0-1: Ball 1-1: Swinging Strike 1-2: Fly out, F8 (Flyball, 8LXD, EV 93.1 MPH)
|
|
Batting: RHB Justin Garrett
|
0-0: Ball 1-0: Fly out, F6 (Popup, 6MD, EV 45.0 MPH)
|
| Bottom of the 6th over - 0 runs, 0 hits, 0 errors, 0 left on base; Kingsport 23 - Grand Junction 10 |
| TOP OF THE 7TH |
|
Kingsport Mets batting - Pitching for Grand Junction Rockies : LHP Mike Pierce
|
|
Batting: RHB Artyom Shavkunov
|
0-0: Called Strike 0-1: Foul Ball, location: 2F 0-2: Ball 1-2: DOUBLE (Line Drive, 89D, EV 102.5 MPH)
|
|
Batting: SHB Nick Daigle
|
0-0: Ball 1-0: Called Strike 1-1: Ball 2-1: Ball 3-1: Base on Balls
|
|
Batting: RHB Bill Crogan
|
0-0: Called Strike 0-1: Foul Ball, location: 2F 0-2: Ball 1-2: Hit by Pitch Artyom Shavkunov to third Nick Daigle to second
|
|
Batting: RHB Enrique Aguirre
|
0-0: Ball 1-0: Foul Ball, location: 2F 1-1: Swinging Strike 1-2: Strikes out swinging
|
|
Batting: SHB Adonis Jones
|
0-0: Grounds into double play, 5-4-3 (Groundball, 56S, EV 85.6 MPH)
|
| Top of the 7th over - 0 runs, 1 hit, 0 errors, 2 left on base; Kingsport 23 - Grand Junction 10 |
| BOTTOM OF THE 7TH |
|
Grand Junction Rockies batting - Pitching for Kingsport Mets : RHP Jeremy Delka
|
|
Batting: LHB Georges Lambert
|
0-0: Ball 1-0: Foul Ball, location: 2F 1-1: Ball 2-1: Called Strike 2-2: Strikes out swinging
|
|
Batting: SHB J.D. Newman
|
0-0: Called Strike 0-1: Foul Ball, location: 2F 0-2: Ball 1-2: Fly out, F7 (Line Drive, 78M, EV 88.8 MPH)
|
|
Batting: RHB Josh Lofgreen
|
0-0: Foul Ball, location: 2F 0-1: Foul Ball, location: 2F 0-2: Foul Ball, location: 2F 0-2: Ball 1-2: Ball 2-2: Ball 3-2: Strikes out looking
|
| Bottom of the 7th over - 0 runs, 0 hits, 0 errors, 0 left on base; Kingsport 23 - Grand Junction 10 |
| TOP OF THE 8TH |
|
Kingsport Mets batting - Pitching for Grand Junction Rockies : LHP Mike Pierce
|
|
Pinch Hitting: LHB Jeremy Moorehead
|
0-0: Ball 1-0: Foul Ball, location: 2F 1-1: Called Strike 1-2: SINGLE (Groundball, 6MD, EV 101.2 MPH)
|
|
Batting: RHB Chris Artz
|
0-0: Called Strike 0-1: SINGLE (Groundball, 56D, EV 109.4 MPH) Jeremy Moorehead to second
|
|
Batting: RHB Chris Graham
|
0-0: Foul Ball, location: 2F 0-1: Ball 1-1: 3-RUN HOME RUN (Flyball, 7LD, EV 91.9 MPH), Distance : 337 ft
|
|
Pinch Hitting: RHB Sam Callahan
|
0-0: Ball 1-0: Ball 2-0: Ball 3-0: Base on Balls
|
|
Batting: RHB Artyom Shavkunov
|
0-0: Called Strike 0-1: Grounds into double play, 4-6-3 (Groundball, 34, EV 105.6 MPH)
|
|
Batting: SHB Nick Daigle
|
0-0: Called Strike 0-1: Ball 1-1: Called Strike 1-2: Ball 2-2: Foul Ball, location: 2F 2-2: Ball 3-2: Base on Balls
|
|
Batting: RHB Bill Crogan
|
0-0: Called Strike 0-1: Swinging Strike 0-2: Ball 1-2: Ball 2-2: 2-RUN HOME RUN (Flyball, 78XD, EV 109.4 MPH), Distance : 424 ft
|
|
Batting: RHB Enrique Aguirre
|
0-0: Ball 1-0: Called Strike 1-1: Swinging Strike 1-2: SINGLE (Line Drive, 9LS, EV 99.4 MPH)
|
|
Batting: SHB Adonis Jones
|
0-0: Foul Ball, location: 2F 0-1: Ball 1-1: Ground out 4-3 (Groundball, 4, EV 99.4 MPH)
|
| Top of the 8th over - 5 runs, 5 hits, 0 errors, 1 left on base; Kingsport 28 - Grand Junction 10 |
| BOTTOM OF THE 8TH |
|
Grand Junction Rockies batting - Pitching for Kingsport Mets : RHP Jeremy Delka
|
|
Now at 3B: Sam Callahan
|
|
|
Now in LF: Jeremy Moorehead
|
|
|
Now in RF: Bill Crogan
|
|
|
Batting: RHB Tom Gentry
|
0-0: Foul Ball, location: 2F 0-1: SINGLE (Groundball, 34S, EV 69.4 MPH) (infield hit)
|
|
Batting: RHB Joe Shade
|
0-0: Hit by Pitch Tom Gentry to second
|
|
Batting: SHB Rich McDonald
|
0-0: Called Strike 0-1: Swinging Strike 0-2: Ball 1-2: Strikes out swinging
|
|
Batting: RHB Ivan Castaneda
|
0-0: Called Strike 0-1: Ball 1-1: Ball 2-1: Swinging Strike 2-2: Foul Ball, location: 2F 2-2: Fielders Choice at 2nd, 6-4 (Groundball, 6, EV 90.6 MPH) Tom Gentry to third
|
|
Batting: RHB Wali Mulogo
|
0-0: Ball 1-0: Called Strike 1-1: Foul Ball, location: 2F 1-2: Foul Ball, location: 2F 1-2: Strikes out swinging, 2-3 out at first.
|
| Bottom of the 8th over - 0 runs, 1 hit, 0 errors, 2 left on base; Kingsport 28 - Grand Junction 10 |
| TOP OF THE 9TH |
|
Kingsport Mets batting - Pitching for Grand Junction Rockies : LHP Mike Pierce
|
|
Pinch Hitting: RHB Coltin Nellis
|
0-0: Ball 1-0: Ball 2-0: Ball 3-0: Called Strike 3-1: Foul Ball, location: 2F 3-2: Base on Balls
|
|
Batting: RHB Chris Artz
|
0-0: Ball 1-0: Swinging Strike 1-1: Called Strike 1-2: Strikes out swinging
|
|
Batting: RHB Chris Graham
|
0-0: Called Strike 0-1: Foul Ball, location: 2F 0-2: Grounds into double play, 3-6-3 (Groundball, 3S, EV 85.0 MPH)
|
| Top of the 9th over - 0 runs, 0 hits, 0 errors, 0 left on base; Kingsport 28 - Grand Junction 10 |
| BOTTOM OF THE 9TH |
|
Grand Junction Rockies batting - Pitching for Kingsport Mets : RHP Jeremy Delka
|
|
Now in LF: Coltin Nellis
|
|
|
Batting: RHB Justin Garrett
|
0-0: Called Strike 0-1: Ball 1-1: Ball 2-1: Called Strike 2-2: Foul Ball, location: 2F 2-2: Strikes out swinging
|
|
Pitching: LHP Antonio Davila
|
|
|
Batting: LHB Georges Lambert
|
0-0: Called Strike 0-1: Swinging Strike 0-2: Ball 1-2: Foul Ball, location: 2F 1-2: Ball 2-2: Strikes out swinging
|
|
Batting: SHB J.D. Newman
|
0-0: Swinging Strike 0-1: Called Strike 0-2: Ball 1-2: Ball 2-2: Ground out 5-3 (Groundball, 56, EV 88.1 MPH)
|
| Bottom of the 9th over - 0 runs, 0 hits, 0 errors, 0 left on base; Kingsport 28 - Grand Junction 10 |
|